Map: Néo-Gettysburg EC

Players

HoldTheDoor

  • Race: Protoss Protoss

Weteran - Winner!

  • Race: Zerg Zerg
  • League: Platinum

VOD

Have the link to the VOD?

Description

Time

  • Played on: Oct. 20, 2016, 12:24 p.m.
  • Length: 16:18
Show
View Real Time Build Order
Export as new Build Order

HoldTheDoor Protoss 

Build Orders: Zealot Archon, Dark Templar Rush 

Get SALT Encoding   

  12  0:01  Probe (Chrono Boost)  
  13  0:12  Probe (Chrono Boost)  
  14  0:20  Pylon  
  14  0:23  Probe (Chrono Boost)  
  15  0:38  Probe (Chrono Boost)  
  15  0:40  Gateway  
  16  0:49  Probe (Chrono Boost)  
  17  0:50  Assimilator  
  17  0:59  Probe (Chrono Boost), Assimilator  
  18  1:14  Probe (Chrono Boost)  
  19  1:25  Probe (Chrono Boost)  
  20  1:33  Cybernetics Core  
  20  1:35  Probe (Chrono Boost)  
  21  1:44  Zealot  
  23  2:04  Warp Gate  
  23  2:12  Pylon  
  23  2:29  Adept  
  25  2:41  Mothership Core (Chrono Boost)  
  27  2:56  Twilight Council  
  27  2:59  Stalker  
  27  3:00  Probe (Chrono Boost)  
  30  3:09  Pylon  
  30  3:24  Gateway  
  30  3:32  Pylon  
  30  3:40  Resonating Glaives  
  30  3:49  Dark Shrine  
  30  4:11  Nexus, Unknown  
  30  4:16  Probe (Chrono Boost)  
  31  4:29  Probe (Chrono Boost)  
  32  4:32  Adept x2  
  36  4:52  Adept x2  
  40  5:02  Probe (Chrono Boost)  
  40  5:05  Gateway  
  42  5:14  Probe (Chrono Boost)  
  42  5:17  Dark Templar x2  
  46  5:22  Unknown  
  46  5:26  Probe (Chrono Boost)  
  46  5:42  Probe (Chrono Boost)  
  44  5:54  Probe (Chrono Boost)  
  37  6:04  Dark Templar x2  
  41  6:10  Archon  
  39  6:13  Probe (Chrono Boost)  
  39  6:15  Probe (Chrono Boost)  
  41  6:18  Assimilator  
  43  6:25  Probe (Chrono Boost)  
  43  6:26  Probe (Chrono Boost)  
  43  6:27  Pylon  
  43  6:28  Pylon  
  43  6:30  Gateway  
  43  6:33  Gateway  
  43  6:36  Probe (Chrono Boost)  
  43  6:37  Dark Templar  
  43  6:38  Probe (Chrono Boost)  
  47  6:40  Dark Templar  
  47  6:44  Archon  
  47  6:47  Probe (Chrono Boost)  
  50  6:50  Probe (Chrono Boost)  
  51  6:54  Dark Templar  
  51  6:57  Probe (Chrono Boost)  
  55  7:02  Probe (Chrono Boost)  
  55  7:10  Dark Templar  
  55  7:15  Archon  
  57  7:18  Gateway x2  
  57  7:21  Gateway, Dark Templar  
  59  7:26  Probe (Chrono Boost)  
  59  7:27  Probe (Chrono Boost)  
  61  7:31  Assimilator  
  61  7:34  Pylon  
  61  7:36  Pylon  
  61  7:39  Dark Templar  
  61  7:43  Archon  
  63  8:07  Dark Templar x2  
  63  8:11  Archon  
  67  8:15  Probe (Chrono Boost)  
  67  8:16  Probe (Chrono Boost)  
  69  8:23  Robotics Facility  
  69  8:24  Dark Templar  
  71  8:29  Zealot  
  71  8:30  Zealot x2  
  77  8:54  Dark Templar x2  
  81  8:55  Dark Templar  
  81  9:00  Archon  
  83  9:04  Archon  
  83  9:07  Zealot x3  
  89  9:10  Warp Prism  
  91  9:24  Charge  
  91  9:30  Pylon  
  91  9:32  Pylon  
  91  9:33  Dark Templar  
  91  9:34  Pylon  
  93  9:45  Forge  
  93  9:46  Gateway  
  93  9:48  Pylon  
  93  9:50  Pylon  
  93  9:51  Nexus, Unknown  
  93  9:52  Pylon  
  93  9:53  Assimilator  
  93  9:57  Pylon  
  95  10:00  Probe (Chrono Boost)  
  95  10:01  Probe (Chrono Boost)  
  95  10:20  Immortal  
  99  10:46  Dark Templar  
  99  10:49  Dark Templar x4  
  105  10:50  Dark Templar  
  106  10:57  Archon x2  
  106  10:59  Observer  
  106  11:03  Dark Templar  
  102  11:21  Observer  
  102  11:23  Dark Templar  
  102  11:24  Zealot  
  102  11:25  Zealot x4  
  93  11:39  Archon  
  93  12:04  Probe (Chrono Boost)  
  93  12:06  Probe (Chrono Boost)  
  95  12:08  Zealot x2  
  95  12:09  Zealot x5  
  109  12:18  Probe (Chrono Boost)  
  86  12:30  Dark Templar x5  
  74  12:58  Stalker x2  
  76  13:06  Archon x2  
  76  13:07  Archon  
  76  13:11  Stalker x4  
  76  13:12  Stalker  
  82  13:26  Dark Templar  
  80  13:29  Zealot  
  82  13:34  Zealot x4  
  82  13:35  Zealot  
  92  13:44  Nexus, Unknown  
  92  13:47  Assimilator  
  92  13:50  Probe (Chrono Boost)  
  92  13:52  Probe (Chrono Boost)  
  92  13:54  Zealot  
  59  14:19  Dark Templar x2  
  59  14:20  Dark Templar  
  44  14:36  Pylon  
  44  14:41  Dark Templar  
  46  14:53  Zealot x3  
  46  14:55  Unknown  
  44  15:15  Zealot x3  
  50  15:23  Sentry x2  
  50  15:27  Sentry  
  51  15:48  Zealot x2  
Show
View Real Time Build Order
Export as new Build Order

Weteran Zerg - Winner!

Build Orders: Hatch First 

Get SALT Encoding   

  12  0:03  Drone  
  13  0:10  Drone  
  14  0:19  Overlord  
  14  0:38  Drone  
  14  0:39  Drone x2  
  18  0:50  Drone  
  18  1:13  Unknown, Hatchery  
  17  1:20  Spawning Pool  
  17  1:22  Extractor  
  15  1:26  Drone  
  15  1:27  Overlord  
  15  1:30  Drone  
  17  1:38  Drone  
  18  1:54  Drone  
  18  2:01  Drone  
  20  2:15  Overlord  
  21  2:27  Drone  
  21  2:34  Zergling x2  
  22  2:38  Unknown, Hatchery  
  22  2:44  Drone  
  22  2:48  Lair  
  22  3:15  Extractor  
  22  3:16  Drone  
  22  3:17  Drone x2  
  23  3:26  Unknown, Hatchery  
  22  3:40  Overlord x2  
  22  3:50  Unknown  
  22  3:55  Queen  
  24  4:03  Metabolic Boost, Hydralisk Den  
  24  4:06  Drone  
  24  4:07  Drone x3  
  27  4:13  Overseer  
  27  4:16  Burrow  
  27  4:20  Drone x2  
  27  4:21  Drone  
  30  4:30  Drone  
  31  4:37  Unknown  
  31  4:44  Drone x4  
  34  4:53  Hydralisk x3  
  34  4:59  Spine Crawler  
  39  5:00  Zergling x2  
  39  5:01  Zergling x2  
  39  5:04  Queen  
  43  5:08  Drone  
  43  5:09  Drone  
  45  5:15  Zergling x4  
  47  5:34  Overseer  
  47  5:38  Spore Crawler, Zergling x2  
  47  5:39  Zergling x10  
  48  5:54  Hydralisk  
  48  5:55  Hydralisk x4  
  57  6:30  Drone x8  
  57  6:31  Drone  
  66  6:41  Overlord  
  66  6:42  Overlord x2  
  66  7:01  Drone  
  66  7:02  Drone x6  
  66  7:04  Extractor  
  66  7:05  Extractor  
  66  7:06  Overlord x2  
  71  7:08  Muscular Augments  
  71  7:09  Queen  
  73  7:16  Spire  
  72  7:41  Hydralisk  
  72  7:42  Hydralisk x3  
  72  7:44  Overlord x4  
  80  7:59  Hydralisk  
  80  8:00  Hydralisk  
  83  8:24  Extractor  
  82  8:27  Extractor  
  82  8:30  Drone x9  
  90  8:53  Spine Crawler  
  90  8:54  Spine Crawler  
  90  8:55  Mutalisk x3, Spine Crawler x2  
  87  8:56  Mutalisk x2, Spine Crawler  
  87  8:58  Zergling x8  
  87  9:01  Spine Crawler  
  87  9:02  Spine Crawler  
  97  9:03  Spine Crawler  
  97  9:06  Spine Crawler  
  97  9:07  Spine Crawler  
  97  9:09  Spine Crawler  
  93  9:10  Spine Crawler  
  93  9:12  Mutalisk  
  93  9:13  Mutalisk  
  93  9:14  Overlord x2  
  93  9:15  Overlord x2  
  96  9:21  Baneling Nest  
  96  9:22  Overlord x2  
  95  9:27  Pneumatized Carapace  
  95  9:33  Overseer  
  95  9:51  Mutalisk  
  95  9:52  Mutalisk  
  99  9:53  Zergling x2  
  99  9:54  Zergling x12  
  106  10:09  Queen  
  104  10:48  Hydralisk x2  
  104  10:49  Hydralisk x10  
  128  10:59  Spine Crawler  
  128  11:01  Spine Crawler  
  128  11:02  Spine Crawler  
  96  11:28  Hydralisk x3  
  96  11:29  Hydralisk x5  
  84  11:45  Drone x4  
  88  11:53  Zergling x6  
  91  11:59  Lurker Den  
  91  12:03  Drone  
  91  12:04  Drone x2  
  94  12:13  Overlord  
  82  12:36  Overseer x2  
  82  12:37  Overseer  
  77  12:42  Zergling x2  
  77  12:43  Zergling x14  
  73  12:57  Zergling x6  
  75  13:15  Zergling x2  
  75  13:16  Zergling x2  
  71  13:25  Hydralisk x2  
  65  13:43  Hydralisk x4  
  65  13:48  Baneling x8  
  73  13:50  Zergling x4  
  75  13:57  Zergling x2  
  75  13:58  Zergling x2  
  64  14:39  Drone  
  64  14:40  Drone x6  
  71  14:53  Unknown, Hatchery  
  71  14:54  Unknown, Hatchery  
  63  15:17  Zergling x12  
  69  15:42  Overlord x3  
  69  15:51  Baneling  
  69  15:52  Baneling x3  
  69  15:55  Overlord x3  
  63  16:05  Unknown x2  
Tags
 
Add a new tag
Caveats
  • Supply blocks, unpowered buildings, or Contaminate may cause inaccurate times.
  • Supply counts are checked every 10 seconds.